 Dungeon Crawl Stone Soup version 0.19.1 (webtiles) character file.

502562 markt42 the Hoplite (level 24, -23/159 HPs)
             Began as a Gargoyle Fighter on Dec 20, 2016.
             Was the Champion of Okawaru.
             Killed by the air
             ... invoked by a titan
              (37 damage)
             ... on level 5 of the Vaults.
             The game lasted 02:20:10 (71600 turns).

markt42 the Hoplite (Gargoyle Fighter)             Turns: 71600, Time: 02:20:10

Health: -23/159    AC: 58    Str: 46    XL:     24   Next: 94%
Magic:  0/23       EV: 12    Int: 16    God:    Okawaru [******]
Gold:   5442       SH: 50    Dex: 24    Spells: 0 memorised, 23 levels left

rFire  + + +     SeeInvis +     b - +8 flail "Misusiuc" {crush, *Noise rPois MR+ Str+4 Int+2}
rCold  . . .     Gourm    .     w - +8 orange crystal plate armour {Archmagi, Int+3 Clar}
rNeg   + . .     Faith    .     R - +11 large shield "Usiejeing" {-Tele *Contam rF+++ Dex+2}
rPois  ∞         Spirit   +     J - +0 hat {Spirit}
rElec  +         Reflect  +     I - +2 cloak {MR+}
rCorr  .         Harm     .     G - +2 pair of gloves {Str+3}
MR     +++..     Clarity  +     M - +0 pair of boots "Jujenoc" {+Fly Dex+2 Stlth-}
Stlth  .......... NoTele   +    B - brooch of Shielding {Reflect SH+8}
                                z - ring "Xyepnoo" {Str+2 Dex+6 SInv}
                                o - ring "Qegylili" {+Blink Str+4 Dex+3 Slay-5 SInv}

@: mighty, flying, studying Armour
A: big wings, blurry vision 1, negative energy resistance 1, electricity
resistance, teleportitis 1, unbreathing, petrification resistance, rot immunity,
sturdy frame 1, AC +17
a: Stop Flying, Heroism, Finesse, Renounce Religion, Evoke Blink
}: 3/15 runes: decaying, slimy, gossamer


You were on level 5 of the Vaults.
You worshipped Okawaru.
Okawaru was exalted by your worship.
You were hungry.

You visited 9 branches of the dungeon, and saw 45 of its levels.
You visited the Abyss 3 times.
You also visited: Labyrinth and Sewer.

You collected 6200 gold pieces.
You spent 758 gold pieces at shops.

Inventory:

Hand Weapons
 b - the +8 flail "Misusiuc" (weapon) {crush, *Noise rPois MR+ Str+4 Int+2}
   (Okawaru gifted it to you on level 1 of the Vaults)

   It inflicts extra damage upon your enemies.
   It affects your strength (+4).
   It affects your intelligence (+2).
   It protects you from poison.
   It affects your resistance to hostile enchantments.
   It may make noises in combat.
 X - the +10 battleaxe of Karma {freeze, Int+4 SInv Stlth-}
   (You found it on level 2 of the Spider Nest)

   It has been specially enchanted to freeze those struck by it, causing extra
   injury to most foes and up to half again as much damage against particularly
   susceptible opponents.
   It can also slow down cold-blooded creatures.
   It affects your intelligence (+4).
   It lets you see invisible.
   It makes you less stealthy.
Armour
 w - the +8 orange crystal plate armour (worn) {Archmagi, Int+3 Clar}
   (Okawaru gifted it to you on level 4 of the Vaults)

   It affects your intelligence (+3).
   It protects you against confusion.
 G - a +2 pair of gloves of strength (worn)
 I - a +2 cloak of magic resistance (worn)
 J - a +0 hat of spirit shield (worn)
 M - the +0 pair of boots "Jujenoc" (worn) {+Fly Dex+2 Stlth-}
   (You bought it in a shop on level 2 of the Orcish Mines)

   It affects your dexterity (+2).
   It lets you fly.
   It makes you less stealthy.
 R - the +11 large shield "Usiejeing" (worn) {-Tele *Contam rF+++ Dex+2}
   (Okawaru gifted it to you on level 3 of the Elven Halls)

   It affects your dexterity (+2).
   It renders you almost immune to fire.
   It prevents most forms of teleportation.
   It causes magical contamination when unequipped.
Jewellery
 o - the ring "Qegylili" (left hand) {+Blink Str+4 Dex+3 Slay-5 SInv}
   (You acquired it on level 4 of the Vaults)

   [ring of see invisible]

   It affects your strength (+4).
   It affects your dexterity (+3).
   It affects your accuracy and damage with ranged weapons and melee attacks
   (-5).
   It lets you see invisible.
   It lets you blink.
 u - an uncursed ring of protection from magic
 v - an uncursed ring of resist corrosion
 y - the ring "Anotyuco" {MP+9 EV+5}
   (You found it on level 2 of the Vaults)

   [ring of evasion]

   It affects your evasion (+5).
   It affects your magic capacity (+9).
 z - the ring "Xyepnoo" (right hand) {Str+2 Dex+6 SInv}
   (You found it on level 5 of the Pits of Slime)

   [ring of see invisible]

   It affects your strength (+2).
   It affects your dexterity (+6).
   It lets you see invisible.
 B - the brooch of Shielding (around neck) {Reflect SH+8}
   (You took it off a deep elf master archer on level 3 of the Elven Halls)

   [amulet of reflection]

   It shields you and reflects attacks.
   It affects your SH (+8).
 H - an uncursed ring of positive energy
Wands
 a - a wand of teleportation (4/9)
 C - a wand of iceblast (4/15)
 F - a wand of disintegration (5/24)
 O - a wand of iceblast (8/15)
 U - a wand of digging (13/24)
 Z - a wand of teleportation (4/9)
Scrolls
 d - 7 scrolls of amnesia
 e - 6 scrolls of blinking
 h - 5 scrolls of identify
 i - 10 scrolls of magic mapping
 j - 19 scrolls of remove curse
 k - 13 scrolls of recharging
 m - 4 scrolls of fear
 p - a scroll of brand weapon
 x - 8 scrolls of teleportation
 E - 2 scrolls of silence
 P - 5 scrolls of fog
 S - 5 scrolls of enchant weapon
Potions
 c - a potion of agility
 q - 5 potions of cancellation
 t - 8 potions of brilliance
 A - 2 potions of ambrosia
 D - 4 potions of curing (quivered)
 K - a potion of cure mutation
 N - a potion of invisibility
 T - 5 potions of lignification
Books
 V - a manual of Armour
Comestibles
 f - 3 bread rations
 g - 3 royal jellies
 l - 21 meat rations
 n - 8 beef jerkies
 r - 56 fruits
 s - 12 slices of pizza
 L - 2 chunks of flesh


   Skills:
 + Level 18.3 Fighting
 * Level 8.0(16.3) Axes
 + Level 23.2(23.6) Maces & Flails
 + Level 15.6 Armour
 + Level 4.3 Dodging
 + Level 26.3 Shields
 + Level 0.7 Invocations
 + Level 1.0 Evocations


You had 23 spell levels left.
You didn't know any spells.

Dungeon Overview and Level Annotations

Branches:
Dungeon (15/15)            Temple (1/1) D:7            Lair (6/6) D:9
  Swamp (4/4) Lair:4       Spider (4/4) Lair:4        Slime (5/5) Lair:5
    Orc (2/2) D:11            Elf (3/3) Orc:2        Vaults (5/5) D:13
  Crypt (0/3) Vaults:2     Depths (0/5) D:15

Altars:
Ashenzari
Cheibriados
Dithmenos
Elyvilon
Fedhas
Gozag
Hepliaklqana
Kikubaaqudgha
Makhleb
Nemelex Xobeh
Okawaru
Qazlal
Ru
Sif Muna
Trog
Uskayaw
Vehumet
Xom
Yredelemnul
Zin
The Shining One
Beogh
Jiyva

Shops:
D:5 :   D:7 !   Orc:1 *   Orc:2 ([:=:   Elf:1 *   Vaults:1 [   Vaults:2 [(

Annotations:
D:6 Grinder
Vaults:5 markt42's ghost, veteran GrFi


Innate Abilities, Weirdness & Mutations

You are resistant to torment.
Your stone body is resilient. (AC +17)
You are immune to poison.
Your large and strong wings let you fly indefinitely.
You resist negative energy. (rN+)
You are resistant to electric shocks. (rElec)
You can survive without breathing.
You are immune to petrification.
You are immune to rotting.
Scrolls take you a little longer to read.
You are occasionally teleported next to monsters.
Your movements are slightly less encumbered by armour. (ER -2)


Message History

You hear a howl!
You hear a shout!
A warg, an orc warrior and an orc knight come into view.
The orc warrior shouts!
The warg howls!
You hear a shout!
You block the warg's attack.
An orc warrior comes into view. It is wielding a flail of crushing.
You block the orc knight's attack. You block the warg's attack.
You block the orc knight's attack. You block markt42's ghost's attack.
You block the orc warrior's attack.
The orc knight roars a battlecry!
The orc warriors go into a battle-frenzy!
You block the orc warrior's attack.
You feel better. You block the warg's attack.
You block the orc warrior's attack.
Markt42's ghost whispers, "Everlasting silence awaits you..."
You block the orc warrior's attack.
A deep elf mage comes into view. It is wielding a dagger.
The deep elf mage shouts!
The titan waves its arms in wide circles.
The air twists around and violently strikes you in flight!
You die...

################
................
................
#######.TC.....###
........Wh........
......p.#oo..#....
###..D..#.o..# ..
........#@...#
......QT#....#
.....#.p#....#
#....#e.#....#
##.. #.H#....# ##.
#.*#....#
#..#.e..#
#e.#....# #..#


You could see a titan, an orc knight, a deep troll, a deep elf mage, a warg, 2
orc warriors and markt42's ghost.

Vanquished Creatures
  the Royal Jelly (Slime:5)
  Nikola (Swamp:3)
  Arachne (Spider:3)
  Jorgrun (Vaults:1)
  A titan (Vaults:4)
  4 deep elf blademasters
  2 deep elf master archers (Elf:3)
  37 acid blobs
  3 sphinxes
  A storm dragon (Vaults:2)
  4 tengu reavers
  3 tentacled starspawn
  A shadow dragon (Vaults:5)
  19 azure jellies
  3 fire giants (Vaults:2)
  3 frost giants
  8 deep elf sorcerers
  9 emperor scorpions
  4 orc warlords
  Aizul (Vaults:3)
  12 vault wardens
  Louise (Swamp:4)
  5 deep elf elementalists (Elf:3)
  4 ghost moths (Spider:4)
  The ghost of ohad the Brawler, a journeyman TrWr of Okawaru (D:12)
  A war gargoyle (Vaults:2)
  10 stone giants
  9 very ugly things
  14 ironheart preservers
  7 entropy weavers
  A yellow draconian (Vaults:2)
  11 deep elf demonologists
  12 deep elf annihilators
  2 purple draconians
  4 deep elf death magi (Elf:3)
  19 death oozes
  6 ettins
  7 great orbs of eyes
  2 fire dragons
  5 yaktaur captains
  A minotaur (Lab)
  6 ice dragons
  7 deep elf high priests (Elf:3)
  2 rakshasas
  14 hydras
  Harold (Lair:3)
  15 ogre magi
  42 vault guards
  A ghost crab (shapeshifter) (Elf:1)
  A ghost crab (Swamp:3)
  2 death knights
  15 alligators
  A queen ant (Spider:2)
  A deep troll shaman (Vaults:4)
  3 death yaks (Lair:6)
  9 centaur warriors
  2 tengu warriors
  The ghost of Cyber the Destroyer, a journeyman GrWz of Vehumet (D:11)
  An orc high priest (Elf:3)
  3 vampire magi (Vaults:2)
  30 dancing weapons
  2 deep troll earth magi (Vaults:4)
  Nergalle (Lair:1)
  A storm dragon zombie (Vaults:2)
  27 deep elf knights
  5 skeletal warriors
  2 wretched stars
  4 shadow wraiths
  5 flayed ghosts
  An unseen horror (D:13)
  5 deep trolls (Vaults:4)
  A glowing orange brain (shapeshifter) (D:15)
  6 glowing orange brains
  2 spriggan druids
  A swamp dragon (Swamp:3)
  2 wizards
  2 shambling mangroves
  4 harpies
  23 deep elf archers
  6 hill giants
  A necromancer (Vaults:2)
  18 ironbrand convokers
  2 phantasmal warriors (Vaults:2)
  11 orc knights
  A wolf spider zombie (D:14)
  26 ugly things
  15 orb spiders
  3 orc sorcerers
  An elephant (shapeshifter) (Vaults:3)
  29 wolf spiders
  9 shining eyes
  93 deep elf magi
  A sphinx skeleton (Vaults:2)
  2 cyclopes
  An oklob plant (Lair:3)
  12 vault sentinels
  A manticore (shapeshifter) (Abyss:2)
  A black mamba (shapeshifter) (D:15)
  A moth of wrath (Spider:1)
  3 black mambas
  7 elephants
  An apocalypse crab (Abyss:2)
  3 smoke demons (Abyss:2)
  An orange demon (Abyss:2)
  17 spiny frogs
  2 gargoyles
  2 torpor snails (Spider:3)
  30 yaktaurs
  A hellwing (Abyss:2)
  An efreet (D:13)
  A kobold demonologist (D:15)
  A yaktaur (shapeshifter) (D:15)
  2 rime drakes
  9 freezing wraiths
  13 demonic crawlers
  A komodo dragon (shapeshifter) (Vaults:2)
  9 komodo dragons
  A human skeleton (Vaults:2)
  2 ancient zymes (Abyss:2)
  6 large abominations (Abyss:2)
  18 hornets
  11 trolls
  50 jumping spiders
  3 polar bears
  The ghost of empire the Changer, an amateur DrTm (D:6)
  4 trolls (shapeshifter)
  4 tyrant leeches
  7 bog bodies
  A raiju (shapeshifter) (Abyss:2)
  165 slime creatures
  33 two-headed ogres
  14 blink frogs
  2 dream sheep (D:10)
  6 hippogriffs
  92 redbacks
  Sigmund (D:3)
  5 air elementals
  3 shadows
  18 spriggans
  27 tarantellas
  2 wraiths
  54 yaks
  18 starcursed masses
  2 vampires
  2 yaks (shapeshifter) (D:13)
  7 small abominations
  A neqoxec (Abyss:2)
  5 wyverns
  Grum (Lair:1)
  3 hungry ghosts
  10 golden eyes
  4 chaos spawn (Abyss:2)
  2 basilisks
  5 fire elementals
  21 vampire mosquitoes
  A yaktaur simulacrum (Vaults:2)
  4 swamp worm simulacra (Swamp:4)
  5 mottled dragons
  18 swamp worms
  9 insubstantial wisps
  9 wargs
  A mottled dragon (shapeshifter) (Vaults:2)
  23 soldier ants (Spider:3)
  Duvessa (D:7)
  14 hydra simulacra (Swamp:4)
  14 water moccasins
  A swamp drake (shapeshifter) (Vaults:2)
  A floating eye (Slime:4)
  14 porcupines
  6 black bears
  An ice beast (D:10)
  3 necrophages
  37 orc warriors
  4 sky beasts
  6 swamp drakes
  5 phantoms
  A human zombie (Vaults:2)
  11 eyes of draining
  87 ogres
  12 boggarts
  13 centaurs
  27 wolves
  A tengu (shapeshifter) (Vaults:2)
  A crocodile (shapeshifter) (Vaults:2)
  15 crocodiles
  6 big kobolds
  18 bullfrogs
  A bullfrog (shapeshifter) (Vaults:4)
  Dowan (D:7)
  5 earth elementals
  A gnoll sergeant (D:8)
  8 scorpions
  A wyvern skeleton (D:12)
  9 wights
  3 killer bees (D:8)
  5 electric eels
  A howler monkey (D:13)
  2 human simulacra (Vaults:2)
  4 crimson imps
  3 centaur zombies
  3 quasits
  3 bullfrog skeletons
  7 hounds
  27 orc priests
  7 jellies
  26 orc wizards
  9 centaur skeletons
  Jessica (D:2)
  4 iguanas
  29 worker ants
  18 gnolls
  20 adders
  A river rat (D:6)
  2 shadow imps
  4 swamp drake simulacra (Swamp:4)
  An ufetubus (Abyss:2)
  2 oozes
  An adder zombie (D:8)
  An adder skeleton (D:6)
  8 worms
  10 leopard geckos
  113 orcs
  12 bats
  11 giant cockroaches
  5 goblins
  7 hobgoblins
  13 jackals
  9 quokkas
  4 ball pythons
  3 frilled lizards
  15 kobolds
  A leopard gecko skeleton (D:4)
  A quokka zombie (D:8)
  11 rats
  12 plants (Lair:5)
2255 creatures vanquished.

Vanquished Creatures (others)
  A ghost moth (Spider:4)
  An ironheart preserver (Vaults:2)
  A stone giant (Vaults:5)
  A rakshasa (Vaults:2)
  A yaktaur captain (Vaults:2)
  A centaur warrior (Vaults:2)
  A deep elf archer (Vaults:4)
  A deep elf mage (Elf:3)
  A wolf spider (Vaults:2)
  A cyclops (Vaults:2)
  A rime drake (shapeshifter) (Vaults:2)
  A yaktaur (Vaults:4)
  A two-headed ogre (Vaults:2)
  3 blink frogs (Swamp:4)
  A swamp worm (Swamp:4)
  A soldier ant (Spider:3)
  An ogre (Vaults:5)
  A worker ant (Spider:3)
  An orc (Orc:2)
  13 fungi
  14 plants
  22 starspawn tentacles
70 creatures vanquished.

Grand Total: 2325 creatures vanquished

Notes
Turn   | Place    | Note
-------+----------+-------------------------------------------
     0 | D:1      | markt42 the Gargoyle Fighter began the quest for the Orb.
     0 | D:1      | Reached XP level 1. HP: 14/14 MP: 1/1
    63 | D:1      | Reached XP level 2. HP: 19/19 MP: 2/2
   306 | D:1      | Reached XP level 3. HP: 23/23 MP: 3/3
   493 | D:2      | Reached XP level 4. HP: 25/28 MP: 4/4
  1156 | D:2      | Noticed Jessica
  1166 | D:2      | Killed Jessica
  1329 | D:2      | Reached XP level 5. HP: 33/33 MP: 5/5
  1876 | D:3      | Noticed Sigmund
  1909 | D:3      | Killed Sigmund
  1909 | D:3      | Reached skill level 5 in Maces & Flails
  1909 | D:3      | Reached skill level 1 in Dodging
  1909 | D:3      | Reached skill level 4 in Shields
  1909 | D:3      | Reached XP level 6. HP: 28/38 MP: 6/6
  2272 | D:3      | Gained mutation: You are covered in fur. (AC +1) [potion of beneficial mutation]
  3367 | D:4      | Reached XP level 7. HP: 24/43 MP: 7/7
  4119 | D:5      | Entered Level 5 of the Dungeon
  4247 | D:5      | Found Teseh's Book Boutique.
  4490 | D:5      | Reached skill level 5 in Shields
  4490 | D:5      | Reached XP level 8. HP: 48/48 MP: 8/8
  5455 | D:5      | Reached skill level 5 in Armour
  5579 | D:5      | Found a snail-covered altar of Cheibriados.
  5677 | D:6      | Noticed empire's ghost (amateur DrTm)
  5691 | D:6      | Killed empire's ghost
  5777 | D:6      | Reached skill level 6 in Shields
  5945 | D:6      | Noticed Grinder
  6001 | D:6      | Reached XP level 9. HP: 45/53 MP: 9/9
  6023 | D:6      | Found a glowing drain.
  6031 | Sewer    | Entered a sewer
  6170 | Sewer    | Reached skill level 5 in Fighting
  6614 | D:7      | Noticed Duvessa
  6614 | D:7      | Noticed Dowan
  6652 | D:7      | Killed Duvessa
  6658 | D:7      | Killed Dowan
  6938 | D:7      | Found a staircase to the Ecumenical Temple.
  6948 | D:7      | Found Liatwine's Distillery.
  6961 | Temple   | Entered the Ecumenical Temple
  7180 | Temple   | Became a worshipper of Warmaster Okawaru
  7596 | D:8      | Found an ancient bone altar of Kikubaaqudgha.
  7777 | D:8      | Reached skill level 10 in Maces & Flails
  8375 | D:8      | Reached * piety under Okawaru
  8449 | D:9      | Reached skill level 7 in Shields
  8477 | D:9      | Got a distressingly furry scale mail
  8478 | D:9      | Identified the +3 scale mail "Galol" {rElec Int-3 Dex-4 Stlth+} (You found it on level 9 of the Dungeon)
  8538 | D:9      | Found a staircase to the Lair.
  8565 | D:9      | Reached XP level 10. HP: 12/60 MP: 10/10
  8837 | D:9      | Noticed an elephant
  8866 | D:9      | Killed an elephant
  8866 | D:9      | Reached ** piety under Okawaru
  9995 | D:10     | Entered Level 10 of the Dungeon
 10059 | D:10     | Reached *** piety under Okawaru
 10073 | D:10     | You fall through a shaft!
 10321 | D:11     | Noticed Cyber's ghost (journeyman GrWz)
 10366 | D:11     | Reached skill level 8 in Shields
 10376 | D:11     | Killed Cyber's ghost
 10376 | D:11     | Reached **** piety under Okawaru
 10510 | D:11     | Found a labyrinth entrance.
 10518 | Lab      | Entered a labyrinth
 11088 | Lab      | Noticed a minotaur
 11107 | Lab      | Killed a minotaur
 11107 | Lab      | Reached XP level 11. HP: 51/66 MP: 11/11
 11118 | Lab      | Got a distressingly furry leather armour
 11129 | Lab      | Identified the +0 leather armour of the Bulwark {Int+2 Stlth+} (You found it in a labyrinth)
 11548 | D:10     | Reached ***** piety under Okawaru
 11592 | D:10     | Noticed a three-headed hydra
 11603 | D:10     | Killed a three-headed hydra
 11610 | D:10     | Reached skill level 9 in Shields
 11866 | D:10     | Received a gift from Okawaru
 12500 | D:11     | Gained mutation: You have an increased reservoir of magic. (+10% MP) [potion of mutation]
 12500 | D:11     | Gained mutation: You are agile. (Dex +2) [potion of mutation]
 12500 | D:11     | Gained mutation: You are very agile. (Dex +4) [potion of mutation]
 12818 | D:11     | Noticed an orc knight
 13213 | D:10     | Killed an orc knight
 13485 | D:11     | Found a staircase to the Orcish Mines.
 13486 | D:11     | Found a roughly hewn altar of Beogh.
 13592 | Lair:1   | Entered Level 1 of the Lair of Beasts
 13765 | Lair:1   | Reached XP level 12. HP: 72/72 MP: 13/13
 14236 | Lair:1   | Noticed Grum
 14395 | Lair:1   | Killed Grum
 14402 | Lair:1   | Reached skill level 10 in Shields
 14700 | Lair:1   | Received a gift from Okawaru
 14748 | Lair:1   | Noticed Nergalle
 14772 | Lair:1   | Killed Nergalle
 15590 | Lair:2   | Identified a scroll of acquirement
 16334 | Lair:3   | Reached skill level 11 in Shields
 16338 | Lair:3   | Reached XP level 13. HP: 56/80 MP: 9/14
 16380 | Lair:3   | Gained mutation: Your movements are slightly less encumbered by armour. (ER -2) [potion of mutation]
 16380 | Lair:3   | Lost mutation: You are very agile. (Dex +4) [potion of mutation]
 16380 | Lair:3   | Gained mutation: Your muscles are strong. (Str +2) [potion of mutation]
 16580 | Lair:3   | Noticed Harold
 16603 | Lair:3   | Killed Harold
 16709 | Lair:3   | Reached skill level 10 in Armour
 16923 | Lair:3   | Reached ****** piety under Okawaru
 17103 | Lair:3   | Reached skill level 15 in Maces & Flails
 17234 | Lair:4   | Received a gift from Okawaru
 17255 | Lair:4   | Found a staircase to the Swamp.
 17292 | Lair:4   | Found a hole to the Spider Nest.
 18154 | Lair:5   | Found a viscous altar of Jiyva.
 18154 | Lair:5   | Found a staircase to the Slime Pits.
 18245 | Lair:5   | Reached skill level 12 in Shields
 18562 | Lair:5   | Got a twisted ring mail
 18563 | Lair:5   | Identified the +5 ring mail "Tefoteun" {MR+} (You found it on level 5 of the Lair of Beasts)
 19233 | Lair:6   | Entered Level 6 of the Lair of Beasts
 19480 | Lair:6   | Reached skill level 10 in Fighting
 19497 | Lair:6   | Received a gift from Okawaru
 19513 | Lair:6   | Got a brightly glowing hat {god gift}
 19524 | Lair:6   | Identified the +0 hat of Cosav {rC+} (Okawaru gifted it to you on level 6 of the Lair of Beasts)
 19964 | Lair:6   | Gained mutation: Your large and strong wings let you fly indefinitely. [Gargoyle growth]
 19964 | Lair:6   | Reached XP level 14. HP: 83/88 MP: 15/15
 20105 | Lair:6   | Reached skill level 13 in Shields
 21629 | Orc:1    | Entered Level 1 of the Orcish Mines
 21786 | Orc:1    | Noticed an orc warlord
 22043 | D:11     | Killed an orc warlord
 22177 | Orc:1    | Received a gift from Okawaru
 22209 | Orc:1    | Noticed a stone giant
 22210 | Orc:1    | Noticed an orc warlord
 22212 | Orc:1    | Noticed an orc warlord
 22453 | D:11     | Killed a stone giant
 22482 | D:11     | Killed an orc warlord
 22685 | D:11     | Reached skill level 14 in Shields
 22746 | D:11     | Killed an orc warlord
 22941 | Orc:1    | Got an ebony morningstar {god gift}
 22942 | Orc:1    | Identified the +6 morningstar of Generosity {crush, rPois} (Okawaru gifted it to you on level 1 of the Orcish Mines)
 23210 | Orc:1    | Found Nouz Qo Oph's General Store.
 23419 | Orc:1    | Got an ichor-stained leather armour
 23420 | Orc:1    | Identified the +2 leather armour "Kufusm" {rC+ Str+5} (You found it on level 1 of the Orcish Mines)
 23507 | Orc:2    | Entered Level 2 of the Orcish Mines
 23742 | Orc:2    | Found Irchic's Book Emporium.
 23742 | Orc:2    | Found Yxitieq's Book Shop.
 23763 | Orc:2    | Paralysed by an ogre mage for 6 turns
 23778 | Orc:2    | Received a gift from Okawaru
 23804 | Orc:2    | Reached XP level 15. HP: 68/94 MP: 15/17
 23955 | Orc:2    | Found Loifonusm's Jewellery Emporium.
 23955 | Orc:2    | Found Nerompuh's Antique Armour Boutique.
 23996 | Orc:2    | Bought a pair of polished boots for 218 gold pieces
 24016 | Orc:2    | Identified the cursed +0 pair of boots "Jujenoc" {+Fly Dex+2 Stlth-} (You bought it in a shop on level 2 of the Orcish Mines)
 24062 | Orc:2    | Found Emmib's Weapon Emporium.
 24302 | Orc:2    | Found a staircase to the Elven Halls.
 24504 | Orc:2    | Found a roughly hewn altar of Beogh.
 24507 | Orc:2    | Reached skill level 15 in Shields
 24799 | D:12     | Noticed ohad's ghost (journeyman TrWr)
 24835 | D:12     | Killed ohad's ghost
 24835 | D:12     | Received a gift from Okawaru
 25587 | D:13     | Found a gate to the Vaults.
 26741 | D:11     | Received a gift from Okawaru
 26898 | Swamp:1  | Entered Level 1 of the Swamp
 27720 | Swamp:2  | Reached skill level 16 in Shields
 27748 | Swamp:2  | Reached XP level 16. HP: 80/101 MP: 16/18
 28997 | Swamp:3  | Noticed Nikola
 29018 | Swamp:3  | Killed Nikola
 29018 | Swamp:3  | Received a gift from Okawaru
 29414 | Swamp:3  | Gained mutation: Your muscles are very strong. (Str +4) [potion of mutation]
 29414 | Swamp:3  | Gained mutation: You possess an exceptional clarity of mind. [potion of mutation]
 29414 | Swamp:3  | Gained mutation: You are frail. (-10% HP) [potion of mutation]
 29415 | Swamp:3  | Gained mutation: Your body sometimes deteriorates upon taking damage. [potion of mutation]
 29892 | Swamp:4  | Entered Level 4 of the Swamp
 30340 | Swamp:4  | Received a gift from Okawaru
 30365 | Swamp:4  | Noticed Louise
 30370 | Swamp:4  | Reached skill level 17 in Shields
 30382 | Swamp:4  | Got a dazzling rapier {god gift}
 30600 | Swamp:3  | Identified the +5 rapier of Reinforcement {speed, *Noise Str+6} (Okawaru gifted it to you on level 4 of the Swamp)
 30847 | Swamp:4  | Cast into level 3 of the Abyss (Louise)
 30919 | Swamp:4  | Escaped the Abyss
 30944 | Swamp:4  | Killed Louise
 32736 | Swamp:4  | Got a decaying rune of Zot
 33067 | Lair:2   | Received a gift from Okawaru
 33660 | D:14     | Reached XP level 17. HP: 97/97 MP: 19/19
 34237 | D:15     | Entered Level 15 of the Dungeon
 34446 | D:15     | Got a fine chain mail
 34457 | D:15     | Identified the +1 chain mail "Oraguapn" {-Tele rF++} (You acquired it on level 15 of the Dungeon)
 34749 | D:15     | Found a staircase to the Depths.
 35062 | D:15     | Received a gift from Okawaru
 35063 | D:15     | Got a brightly glowing plate armour {god gift}
 35074 | D:15     | Identified the +6 plate armour of Impatience {rF+ MR+} (Okawaru gifted it to you on level 15 of the Dungeon)
 35195 | D:15     | Reached skill level 18 in Shields
 35697 | Spider:1 | Entered Level 1 of the Spider Nest
 36723 | Spider:2 | Received a gift from Okawaru
 37026 | Spider:2 | Reached XP level 18. HP: 28/104 MP: 9/20
 37566 | Spider:2 | Got a crude battleaxe
 37567 | Spider:2 | Identified the +10 battleaxe of Karma {freeze, Int+4 SInv Stlth-} (You found it on level 2 of the Spider Nest)
 37654 | Spider:2 | Reached skill level 1 in Evocations
 37845 | Spider:2 | Reached skill level 19 in Shields
 39122 | Spider:3 | Received a gift from Okawaru
 39130 | Spider:3 | Got an ebony flail {god gift}
 39131 | Spider:3 | Identified the +3 flail "Teukaiqu" {protect, MP-9 Int+3} (Okawaru gifted it to you on level 3 of the Spider Nest)
 39188 | Spider:3 | Noticed Arachne
 39215 | Spider:3 | Killed Arachne
 39850 | Spider:3 | Received a gift from Okawaru
 39851 | Spider:3 | Got a faintly glowing morningstar {god gift}
 39852 | Spider:3 | Identified the +6 morningstar "Sotruf" {freeze, rPois MR+ Str+3} (Okawaru gifted it to you on level 3 of the Spider Nest)
 40367 | Spider:4 | Entered Level 4 of the Spider Nest
 41255 | Spider:4 | Received a gift from Okawaru
 41930 | Spider:4 | Received a gift from Okawaru
 41989 | Spider:4 | Reached skill level 20 in Shields
 41989 | Spider:4 | Reached XP level 19. HP: 88/109 MP: 1/21
 42344 | Spider:4 | Got a gossamer rune of Zot
 42694 | Elf:1    | Entered Level 1 of the Elven Halls
 42890 | Elf:1    | Lost mutation: You possess an exceptional clarity of mind. [a shining eye]
 43121 | Elf:1    | Received a gift from Okawaru
 43143 | Elf:1    | Got a smoking large shield {god gift}
 43156 | Elf:1    | Identified the +3 large shield of Ruorhop {Dex+4} (Okawaru gifted it to you on level 1 of the Elven Halls)
 43572 | Elf:1    | Identified the Tome of Dried Tears
 43751 | Elf:1    | Found Cuwnypt's General Store.
 44761 | Elf:2    | Found a runed gate.
 44761 | Elf:2    | Found a runed gate.
 44762 | Elf:2    | Found a runed gate.
 44965 | Elf:2    | Reached skill level 15 in Fighting
 45505 | Elf:2    | Received a gift from Okawaru
 45593 | Elf:2    | Cast into level 2 of the Abyss (flail of distortion)
 45868 | Abyss:2  | Found a corrupted altar of Lugonu.
 45926 | Abyss:2  | Reached XP level 20. HP: 108/116 MP: 19/22
 46194 | Elf:2    | Escaped the Abyss
 46226 | Elf:2    | Reached skill level 21 in Shields
 46980 | Elf:3    | Entered Level 3 of the Elven Halls
 47725 | Elf:3    | Received a gift from Okawaru
 47726 | Elf:3    | Got a translucent large shield {god gift}
 47737 | Elf:3    | Identified the +11 large shield "Usiejeing" {-Tele *Contam rF+++ Dex+2} (Okawaru gifted it to you on level 3 of the Elven Halls)
 48437 | Elf:3    | Identified Cexo Owa's Catalogue of Earth and Dark Rites
 48465 | Elf:3    | Noticed a Tzitzimitl
 48527 | Elf:3    | Gained mutation: You are occasionally teleported next to monsters. [mutagenic glow]
 48548 | Elf:3    | Lost mutation: You are frail. (-10% HP) [mutagenic glow]
 49866 | Elf:3    | Reached skill level 22 in Shields
 50439 | Elf:3    | Reached XP level 21. HP: 136/136 MP: 23/23
 50728 | Elf:3    | Got a crude brass ring
 50776 | Elf:3    | Received a gift from Okawaru
 51009 | Elf:3    | Identified the ring "Ruruomp" {*Slow rElec MR+ AC+2} (You took it off a deep elf mage on level 3 of the Elven Halls)
 51094 | Elf:3    | Lost mutation: You are agile. (Dex +2) [potion of mutation]
 51175 | Elf:3    | Got a bound platinum ring
 51192 | Elf:3    | Identified the ring of Discord {rF+ rN+ Int+7} (You took it off a deep elf sorcerer on level 3 of the Elven Halls)
 51193 | Elf:3    | Identified the cursed +0 scimitar "Pioton" {flame, *Noise rN+ Str+3 Dex+4} (You found it on level 3 of the Elven Halls)
 51230 | Elf:3    | Identified the +6 mace of Misery {speed, rN+} (You took it off a deep elf archer on level 3 of the Elven Halls)
 51317 | Elf:3    | Got a pair of heavily runed gloves
 51323 | Elf:3    | Identified the +2 pair of gloves of Mezcal {*Contam rPois rF+ Int+3} (You acquired it on level 3 of the Elven Halls)
 51740 | Slime:1  | Entered Level 1 of the Pits of Slime
 52083 | Slime:2  | Gained mutation: You are frail. (-10% HP) [a shining eye]
 53720 | Slime:1  | Lost mutation: You have an increased reservoir of magic. (+10% MP) [a shining eye]
 54102 | Slime:2  | Gained mutation: You expend magic power (3 MP) to strengthen your wands. [a shining eye]
 54110 | Slime:2  | Gained mutation: You are clumsy. (Dex -2) [a shining eye]
 54114 | Slime:2  | Gained mutation: You can translocate small distances at will. [a shining eye]
 54119 | Slime:2  | Gained mutation: Scrolls take you a little longer to read. [a shining eye]
 54445 | Slime:2  | Received a gift from Okawaru
 55323 | Slime:3  | Gained mutation: You are very frail. (-20% HP) [a shining eye]
 55325 | Slime:3  | Lost mutation: You are very frail. (-20% HP) [a shining eye]
 55327 | Slime:3  | Gained mutation: You tend to lose your temper in combat. [a shining eye]
 55339 | Slime:3  | Gained mutation: You are partially covered in molten scales. (AC +2) [a shining eye]
 55359 | Slime:3  | Lost mutation: Scrolls take you a little longer to read. [potion of cure mutation]
 55359 | Slime:3  | Lost mutation: You expend magic power (3 MP) to strengthen your wands. [potion of cure mutation]
 55359 | Slime:3  | Lost mutation: You tend to lose your temper in combat. [potion of cure mutation]
 55359 | Slime:3  | Lost mutation: Your body sometimes deteriorates upon taking damage. [potion of cure mutation]
 55359 | Slime:3  | Lost mutation: You are clumsy. (Dex -2) [potion of cure mutation]
 55359 | Slime:3  | Lost mutation: Your muscles are very strong. (Str +4) [potion of cure mutation]
 55359 | Slime:3  | Lost mutation: You can translocate small distances at will. [potion of cure mutation]
 55361 | Slime:4  | Paralysed by a floating eye for 4 turns
 55668 | Slime:4  | Gained mutation: Armour fits poorly on your strangely shaped body. [a shining eye]
 55670 | Slime:4  | Gained mutation: Scrolls take you a little longer to read. [a shining eye]
 56296 | Slime:4  | Gained mutation: Scrolls take you longer to read. [a shining eye]
 56493 | Slime:4  | Reached skill level 23 in Shields
 57253 | Slime:3  | Reached XP level 22. HP: 129/129 MP: 22/22
 57655 | Slime:5  | Entered Level 5 of the Pits of Slime
 57879 | Slime:4  | Gained mutation: You are very frail. (-20% HP) [a shining eye]
 57882 | Slime:4  | Gained mutation: You tend to lose your temper in combat. [a shining eye]
 57885 | Slime:4  | Lost mutation: Your muscles are strong. (Str +2) [a shining eye]
 57973 | Slime:4  | Received a gift from Okawaru
 57996 | Slime:4  | Gained mutation: You are dopey. (Int -2) [mutagenic glow]
 59229 | Slime:5  | Found a viscous altar of Jiyva.
 59265 | Slime:5  | Noticed the Royal Jelly
 60645 | Slime:5  | Gained mutation: You often lose your temper in combat. [a shining eye]
 60647 | Slime:5  | Gained mutation: You are sometimes teleported next to monsters. [a shining eye]
 60648 | Slime:5  | Gained mutation: Scrolls take you much longer to read. [a shining eye]
 60955 | Slime:5  | Killed the Royal Jelly
 63094 | Slime:5  | Got a slimy rune of Zot
 63124 | Slime:5  | Identified the +2 great sword of the Insatiable Suns {drain, Int+2 Dex+4} (You found it on level 5 of the Pits of Slime)
 63190 | Slime:5  | Got a brightly glowing lead ring
 63202 | Slime:5  | Identified the Papyrus of Conjuration
 63206 | Slime:5  | Identified the ring "Xyepnoo" {Str+2 Dex+6 SInv} (You found it on level 5 of the Pits of Slime)
 63757 | Vaults:1 | Entered Level 1 of the Vaults
 63794 | Vaults:1 | Lost mutation: You are partially covered in molten scales. (AC +2) [potion of cure mutation]
 63794 | Vaults:1 | Lost mutation: You are covered in fur. (AC +1) [potion of cure mutation]
 63794 | Vaults:1 | Lost mutation: You are dopey. (Int -2) [potion of cure mutation]
 63794 | Vaults:1 | Lost mutation: You are very frail. (-20% HP) [potion of cure mutation]
 63794 | Vaults:1 | Lost mutation: You often lose your temper in combat. [potion of cure mutation]
 63794 | Vaults:1 | Lost mutation: You are frail. (-10% HP) [potion of cure mutation]
 63804 | Vaults:1 | Noticed Jorgrun
 63815 | Vaults:1 | Killed Jorgrun
 63870 | D:13     | Reached skill level 15 in Armour
 64035 | D:7      | Bought a potion of cure mutation for 375 gold pieces
 64035 | D:7      | Bought a potion of curing for 45 gold pieces
 64035 | D:7      | Bought a potion of heal wounds for 75 gold pieces
 64035 | D:7      | Bought a potion of curing for 45 gold pieces
 64035 | D:7      | Lost mutation: Armour fits poorly on your strangely shaped body. [potion of cure mutation]
 64035 | D:7      | Lost mutation: Scrolls take you much longer to read. [potion of cure mutation]
 64035 | D:7      | Lost mutation: You tend to lose your temper in combat. [potion of cure mutation]
 64035 | D:7      | Lost mutation: You are sometimes teleported next to monsters. [potion of cure mutation]
 64035 | D:7      | Lost mutation: Scrolls take you longer to read. [potion of cure mutation]
 64383 | Vaults:1 | Found Feapnu's Antique Armour Boutique.
 65009 | Vaults:1 | Received a gift from Okawaru
 65018 | Vaults:1 | Got a bloodstained flail {god gift}
 65019 | Vaults:1 | Identified the +8 flail "Misusiuc" {crush, *Noise rPois MR+ Str+4 Int+2} (Okawaru gifted it to you on level 1 of the Vaults)
 65106 | Vaults:2 | Found Faank's Weapon Shop.
 65193 | Vaults:2 | Got a warped glass ring
 65221 | Vaults:2 | Reached skill level 24 in Shields
 65275 | Vaults:2 | Reached skill level 1 in Axes
 65295 | Vaults:2 | Cast into level 1 of the Abyss (orc)
 65325 | Abyss:1  | Paralysed by accursed screaming for 2 turns
 65337 | Abyss:1  | Paralysed by accursed screaming for 2 turns
 65350 | Abyss:1  | Paralysed by accursed screaming for 2 turns
 65387 | Vaults:2 | Escaped the Abyss
 65493 | Vaults:2 | Identified the ring "Anotyuco" {MP+9 EV+5} (You found it on level 2 of the Vaults)
 66008 | Vaults:2 | Reached XP level 23. HP: 150/150 MP: 23/23
 66222 | Vaults:2 | Received a gift from Okawaru
 66254 | Vaults:2 | Found a staircase to the Crypt.
 67142 | Vaults:2 | Found Cuqeijag's Armour Shop.
 67149 | Vaults:2 | Received a gift from Okawaru
 67500 | Vaults:2 | Identified the Guide on Glacial Shape Shifting
 68057 | Vaults:3 | Reached skill level 25 in Shields
 68610 | Vaults:3 | Reached skill level 5 in Axes
 69224 | Vaults:4 | Noticed Aizul
 69285 | Vaults:3 | Killed Aizul
 69497 | Vaults:4 | Received a gift from Okawaru
 69506 | Vaults:4 | Reached XP level 24. HP: 140/157 MP: 21/23
 70146 | Vaults:4 | Got a smoking jade ring
 70149 | Vaults:4 | Identified the ring "Qegylili" {+Blink Str+4 Dex+3 Slay-5 SInv} (You acquired it on level 4 of the Vaults)
 70431 | Vaults:4 | Received a gift from Okawaru
 71055 | Vaults:5 | Entered Level 5 of the Vaults
 71186 | Vaults:4 | Reached skill level 26 in Shields
 71576 | Vaults:5 | Noticed markt42's ghost (veteran GrFi)
 71593 | Vaults:5 | HP: 5/159 [sphinx/divine providence (12)]
 71600 | Vaults:5 | Killed from afar by a titan

Skill      XL: |  1  2  3  4  5  6  7  8  9 10 11 12 13 14 15 16 17 18 19 20 21 22 23 24 |
---------------+-------------------------------------------------------------------------+-----
Maces & Flails | 3 5 6 8 10 12 13 14 15 16 17 18 19 20 21 22 23 | 23.2
Armour         | 4 5 6 7 8 9 10 11 12 13 14 15 | 15.6
Dodging        | 1 2 3 4 |  4.3
Shields        | 4 5 6 7 8 9 11 12 14 16 17 18 20 22 23 24 25 26 | 26.3
Fighting       | 4 5 6 7 8 10 11 12 13 14 15 16 17 18 | 18.3
Evocations     | 1 |  1.0
Axes           | 2 5 8 |  8.0
Invocations    | |  0.7

Action                   |  1- 3 |  4- 6 |  7- 9 | 10-12 | 13-15 | 16-18 | 19-21 | 22-24 || total
-------------------------+-------+-------+-------+-------+-------+-------+-------+-------++-------
Melee: Flail             |    73 |   264 |   518 |   915 |  1140 |       |       |  1872 ||  4782
       Morningstar       |       |       |   133 |       |   698 |  1750 |  1577 |   599 ||  4757
Invok: Finesse           |       |       |       |       |     1 |       |       |       ||     1
Evoke: Wand              |       |       |       |     3 |     4 |     6 |       |       ||    13
  Use: Potion            |       |     6 |     3 |    17 |     1 |     3 |     3 |    30 ||    63
       Scroll            |       |       |     4 |    22 |    19 |     9 |    11 |    12 ||    77
 Stab: Confused          |       |       |       |       |       |       |       |     3 ||     3
  Eat: Chunk             |       |    12 |    23 |    38 |    32 |    17 |     6 |    12 ||   140
       Bread ration      |       |       |       |       |     1 |     7 |    10 |     5 ||    23
       Beef jerky        |       |       |       |       |     1 |       |       |       ||     1
       Pizza             |       |       |       |       |       |     1 |       |       ||     1
       Meat ration       |       |       |       |       |       |       |       |     2 ||     2
       Fruit             |       |       |       |       |       |       |       |     2 ||     2
Armor: Scale mail        |    38 |   147 |       |       |       |       |       |       ||   185
       Chain mail        |       |    28 |   319 |   134 |       |       |       |       ||   481
       Plate armour      |       |       |       |   234 |   710 |   579 |   377 |   459 ||  2359
       Crystal plate arm |       |       |       |       |    65 |   469 |       |   140 ||   674
Dodge: Dodged            |    24 |    79 |   165 |   235 |   484 |   436 |   196 |   313 ||  1932
Block: Shield            |    53 |   173 |   364 |   442 |   679 |       |       |       ||  1711
       Large shield      |       |       |       |       |   788 |  2111 |  1732 |  3799 ||  8430
       Reflection        |       |       |       |       |       |       |     8 |   133 ||   141
